 Dungeon Crawl Stone Soup version 0.28.0-43-g3370ac3207 (webtiles) character file.

Game seed: 14466700643782968811

562 Faeu the Covered (level 7, -8/62 HPs)
             Began as a Minotaur Fighter on Mar 23, 2022.
             Killed from afar by an acid dragon (24 damage)
             ... with a splash of acid
             ... on level 6 of the Dungeon.
             The game lasted 00:12:33 (3543 turns).

Faeu the Covered (Minotaur Fighter)                 Turns: 3543, Time: 00:12:33

Health: -8/62      AC:  7    Str: 23    XL:     7   Next: 10%
Magic:  6/6        EV:  9    Int:  5    God:
Gold:   155        SH:  5    Dex: 15    Spells: 6/6 levels left

rFire   . . .      SeeInvis .   a - +0 long sword {long}
rCold   + . .      Faith    .   c - +0 buckler
rNeg    . . .      Spirit   .   b - +0 scale mail
rPois   .          Reflect  .   (helmet restricted)
rElec   .          Harm     .   (no cloak)
rCorr   .          Rampage  .   (no gloves)
Will    .....                   (no boots)
Stlth   ..........              (no amulet)
HPRegen 0.20/turn               e - ring of protection from cold
MPRegen 0.10/turn               h - +6 ring of dexterity

@: mighty
A: horns 2, retaliatory headbutt
a: no special abilities


You were on level 6 of the Dungeon.
You visited 1 branch of the dungeon, and saw 7 of its levels.

You collected 155 gold pieces.


Innate Abilities, Weirdness & Mutations

You have a pair of horns on your head.
You reflexively headbutt those who attack you in melee.


   Skills:
 + Level 5.7 Fighting
 + Level 5.1 Long Blades
 + Level 5.8 Armour
 + Level 5.8 Shields


You had 6 spell levels left.
You didn't know any spells.
Your spell library contained the following spells:

 Spells                   Type           Power      Damage    Failure   Level
 Animate Skeleton         Necr           0%         N/A       85%         1
 Freeze                   Ice            0%         1d3       85%         1
 Pain                     Necr           0%         1d4       85%         1
 Frozen Ramparts          Ice            0%         1d2       99%         3
 Vampiric Draining        Necr           0%         2d6       99%         3
 Hailstorm                Conj/Ice       0%         3d3       100%        4

Inventory:

Hand Weapons
 a - a +0 long sword (weapon) {long}
Armour
 b - a +0 scale mail (worn)
 c - a +0 buckler (worn)
Jewellery
 e - a ring of protection from cold (left hand)
   (You found it on level 1 of the Dungeon)
 h - a +6 ring of dexterity (right hand)
   (You found it on level 1 of the Dungeon)
Wands
 v - a wand of polymorph (6)
   (You found it on level 6 of the Dungeon)
Scrolls
 f - 2 scrolls of vulnerability {!r!r}
 g - 2 scrolls of silence {unknown}
 i - a scroll of acquirement {unknown}
 j - 2 scrolls of noise {unknown}
 k - 2 scrolls of identify {unknown}
 l - a scroll of amnesia {unknown}
 n - 2 scrolls of teleportation {unknown}
 o - a scroll of enchant armour {unknown}
 p - a scroll of fear {unknown}
 r - 2 scrolls of fog {unknown}
 u - a scroll of enchant weapon {unknown}
Potions
 m - a potion of flight {unknown}
 q - a potion of heal wounds {unknown}
 s - a potion of cancellation {unknown}
 t - a potion of curing {unknown}
 w - a potion of ambrosia {unknown}
 x - a potion of degeneration {unknown}

Dungeon Overview and Level Annotations

Branches:
Dungeon (7/15)
 Temple: D:4-7

Altars:
Gozag
Kikubaaqudgha

Shops:
D:1

! # ######...########.#.# #.....
# #...# #....### # #...# #......#
###...## #....#.#######
########......# #.............
#......#.##.#.#### #...##.#..###.
#.####.#.##......# ###.##.#..###.
#.####.#.####.##.# #.##.....##.
........<.....##@#####÷####...##.
#####..####.....D....≈≈# #######
# #..# ######.#..≈≈≈# # # #..#
#.#...#≈# # #.## #.#..≈≈≈#
#####.# ######....≈#≈#
......#####....<...≈≈≈≈#
#..#.###.......#<...≈#≈# #.##.#
#.......###..≈#≈#


You could see an acid dragon (catching breath).


Message History

😮 HP[+1] 😮 HP[+1] 😮 HP[+1] 😮 HP[+1] 😮 HP[+1] 😮 HP[+1] 😮 HP[+1] 😮 HP[+1] 😕 HP[+1]
You now have 145 gold pieces (gained 12). 😕 HP[+1]
A hound comes into view.
The hound barely misses you. You furiously retaliate!
You headbutt the hound! You barely miss the hound.
The hound bites you but does no damage.
You closely miss the hound. You headbutt the hound.
You kill the hound!
You have reached level 7! 😕 HP[+5] MP[+1]
You now have 62 max hp (+6).
You regained 5 hp, and now have 49/62 hp.
Your mp is fully restored (6).
You see here a hound corpse. 😕 HP[+1]
You see here a +0 war axe {axe}. 😕 HP[+1]
x - a metallic white potion 😕 HP[+1] 😕 HP[+1] 😕 HP[+1] 😕 HP[+1]
A hound comes into view.
The hound barks!
The hound bites you but does no damage. 😕 HP[+1]
You hit the hound but do no damage. You block the hound's attack.
The hound bites you but does no damage.
You slash the hound! You headbutt the hound! You block the hound's attack.
The hound bites you. 😕 HP[-2]
You take 2 damage, and now have 54/62 hp.
You hit the hound.
You kill the hound!
You see here a hound corpse. 😕 HP[+1]
You now have 155 gold pieces (gained 10).
You see here 23 stones {throwing}.
A river rat and an acid dragon come into view.
The acid dragon roars! 😎 HP[+7]
The river rat bites you but does no damage.
You hit the river rat but do no damage. You block the river rat's attack.
The river rat bites you. 😕 HP[-3]
You take 3 damage, and now have 59/62 hp.
You hit the river rat. You headbutt the river rat!
You kill the river rat!
You block the acid dragon's attack. x2
You closely miss the acid dragon.
The acid dragon bites you but does no damage.
The acid dragon claws you but does no damage.
You hit the acid dragon but do no damage.
The acid dragon spits acid at you. The splash of acid hits you!! 😮 HP[-21]
You take 21 damage, and now have 38/62 hp.
MASSIVE DAMAGE!! (PAUSE)
You barely miss the acid dragon. The acid dragon spits acid at you.
The splash of acid hits you!
* * * LOW HITPOINT WARNING * * *
The acid dragon bites you but does no damage.
The acid dragon claws you.
* * * LOW HITPOINT WARNING * * *
😨 HP[-12]
You take 12 damage, and now have 26/62 hp.
You barely miss the acid dragon.
The acid dragon bites you but does no damage.
The acid dragon claws you but does no damage.
You hit the acid dragon but do no damage.
You block the acid dragon's attack. x2
You barely miss the acid dragon.
You headbutt the acid dragon, but do no damage.
The acid dragon bites you.
* * * LOW HITPOINT WARNING * * *
The acid dragon claws you.
* * * LOW HITPOINT WARNING * * *
😨 HP[-6]
You take 6 damage, and now have 20/62 hp.
You closely miss the acid dragon. You block the acid dragon's attack.
The acid dragon claws you but does no damage.
You feel very mighty all of a sudden. The acid dragon bites you.
* * * LOW HITPOINT WARNING * * *
The acid dragon closely misses you. 😨 HP[-4]
You take 4 damage, and now have 16/62 hp.
You closely miss the acid dragon. Your headbutt misses the acid dragon.
The acid dragon spits acid at you. The splash of acid hits you!!
You die...

Skill      XL: |  1  2  3  4  5  6 |
---------------+-------------------+-----
Fighting       | 4 5 |  5.7
Long Blades    | 3 4 5 |  5.1
Armour         | 4 5 |  5.8
Shields        | 4 5 |  5.8

Action                   |  1- 3 |  4- 6 |  7- 9 || total
-------------------------+-------+-------+-------++-------
Melee: Long sword        |    78 |   134 |    13 ||   225
       Headbutt          |    12 |    18 |     3 ||    33
  Use: Scroll            |       |     1 |       ||     1
       Potion            |       |       |     1 ||     1
Armor: Scale mail        |    32 |    64 |     9 ||   105
Dodge: Dodged            |    25 |    50 |     1 ||    76
Block: Buckler           |    20 |    34 |     8 ||    62

Levels and vault maps discovered:
D:1:      noname_arrival_rooms_in_the_neighbourhood, layout_basic, serial_shops,
          nicolae_shop_statue_plus, nicolae_ecumenical_lake_church,
          minmay_indecisive_spiral
D:2:      layout_basic, basic_altar
D:3:      layout_loops_ring, lemuel_crystal_altar, minmay_circle_x
D:4:      layout_basic, serial_glass, glass_columns_b, glass_columns_a,
          minivault_25, serial_park_tiny_2
D:5:      layout_gridville, mainiacjoe_overflow_paths, dk_vineyard_3
D:6:      layout_loops_cross, lightli_sewer_entry_pipes,
          wad_floor_pattern_untrapped
D:7:      layout_basic, mainiacjoe_overflow_catwalk_spiral,
          minmay_temple_entry_gardened_gates, supply_closet_lemuel,
          abandoned_shop

Notes
Turn   | Place    | Note
-------+----------+-------------------------------------------
     0 | D:1      | Faeu the Minotaur Fighter began the quest for the Orb.
     0 | D:1      | Reached XP level 1. HP: 19/19 MP: 0/0
     0 | D:1      | magus.rc [v1.9.6]
   176 | D:1      | Found Qoadoxu Gytu's Distillery.
   374 | D:1      | Reached XP level 2. HP: 25/27 MP: 1/1
   628 | D:1      | Found a faded altar of an unknown god.
  1194 | D:2      | You pick up a book of Necromancy and begin reading...
  1194 | D:2      | You add the spells Pain, Animate Skeleton and Vampiric
                  | Draining to your library.
  1211 | D:2      | Reached skill level 4 in Fighting
  1211 | D:2      | Reached skill level 3 in Long Blades
  1211 | D:2      | Reached skill level 4 in Armour
  1211 | D:2      | Reached skill level 4 in Shields
  1211 | D:2      | Reached XP level 3. HP: 33/33 MP: 2/2
  1521 | D:2      | Found an ancient bone altar of Kikubaaqudgha.
  1796 | D:3      | Found an opulent altar of Gozag.
  1802 | D:3      | Reached XP level 4. HP: 39/40 MP: 3/3
  2308 | D:3      | Reached XP level 5. HP: 45/47 MP: 4/4
  2610 | D:4      | Reached skill level 4 in Long Blades
  2611 | D:4      | You pick up a book of Frost and begin reading...
  2611 | D:4      | You add the spells Freeze, Frozen Ramparts and Hailstorm to
                  | your library.
  2652 | D:4      | You fall into a shaft and drop 3 floors!
  2724 | D:6      | Reached skill level 5 in Armour
  2808 | D:6      | Reached skill level 5 in Fighting
  2814 | D:6      | Reached skill level 5 in Shields
  2818 | D:6      | Reached XP level 6. HP: 40/56 MP: 5/5
  2840 | D:5      | Entered Level 5 of the Dungeon
  3302 | D:6      | Reached skill level 5 in Long Blades
  3371 | D:6      | Reached XP level 7. HP: 49/62 MP: 6/6
  3543 | D:6      | Killed from afar by an acid dragon

Vanquished Creatures
  A necrophage (D:6)
  A howler monkey (D:6)
  4 hounds
  An orc priest (D:6)
  An iguana (D:6)
  2 orc wizards
  3 river rats (D:6)
  12 adders
  5 worms
  A dart slug (D:1)
  5 orcs
  6 endoplasms
  A giant cockroach (D:2)
  6 hobgoblins
  7 kobolds
  2 quokkas
  2 ball pythons (D:1)
  4 bats
  2 frilled lizards
  10 goblins
  10 rats
86 creatures vanquished.

Vanquished Creatures (others)
  A plant (D:7)
1 creature vanquished.

Grand Total: 87 creatures vanquished

Table legend:
 A = Non-vault XP
 B = Vault XP
 C = Vault XP percentage of total XP
 D = Non-vault monster count
 E = Vault monster count
 F = Vault count percentage of total count
                 A         B        C        D         E       F
            +---------+---------+-------+---------+---------+-------
      Total |     703 |     101 |  12.6 |      67 |      19 |  22.1
            +---------+---------+-------+---------+---------+-------
        D:1 |      15 |       5 |  25.0 |      10 |       4 |  28.6
        D:2 |      73 |       0 |   0.0 |      19 |       0 |   0.0
        D:3 |      98 |       8 |   7.5 |      20 |       5 |  20.0
        D:4 |      62 |       0 |   0.0 |       4 |       0 |   0.0
        D:6 |     455 |      88 |  16.2 |      14 |      10 |  41.7
            +---------+---------+-------+---------+---------+-------

Illustrated notes

Table legend:
 A = Kills in this place as a percentage of kills in entire the game.
 B = Kills by you in this place as a percentage of kills by you in the entire game.
 C = Kills by friends in this place as a percentage of kills by friends in the entire game.
 D = Other kills in this place as a percentage of other kills in the entire game.
 E = Experience gained in this place as a percentage of experience gained in the entire game.
 F = Experience gained in this place divided by the number of levels of this place that you have seen.
                   A       B       C       D       E      F
               +-------+-------+-------+-------+-------+----------------------
         Total | 100.0 | 100.0 |   N/A |   N/A | 100.0 | 114.9
       Dungeon | 100.0 | 100.0 |   N/A |   N/A | 100.0 | 114.9
               +-------+-------+-------+-------+-------+----------------------

Table legend: (Time is in decaauts)
 A = Elapsed time spent in this place.
 B = Non-inter-level travel time spent in this place.
 C = Inter-level travel time spent in this place.
 D = Time resting spent in this place.
 E = Time spent auto-exploring this place.
 F = Levels seen in this place.
 G = Mean time per level.
                   A        B        C        D        E       F      G
               +--------+--------+--------+--------+--------+-----+--------+
         Total |   3601 |   3533 |     68 |    274 |   2174 |   7 |  514.4 |
       Dungeon |   3601 |   3533 |     68 |    274 |   2174 |   7 |  514.4 |
               +--------+--------+--------+--------+--------+-----+--------+

Top non-repeatable levels by time:
     D:1: 1003 daAuts
     D:6: 864 daAuts
     D:2: 812 daAuts
     D:3: 745 daAuts
     D:4: 130 daAuts
     D:7: 43 daAuts
     D:5: 1 daAuts
